 Dungeon Crawl Stone Soup version 0.27.1-33-g824d729ab1 (webtiles) character file.

Game seed: 4016110072469330134

29036 UnfinishedLine the Nimble (level 13, -19/60 HPs)
             Began as a Felid Venom Mage on Dec 23, 2021.
             Was a High Priest of Dithmenos.
             Shot with an arrow by a centaur warrior (26 damage)
             ... on level 13 of the Dungeon on Dec 24, 2021.
             The game lasted 04:25:26 (40559 turns).

UnfinishedLine the Nimble (Felid Venom Mage)       Turns: 40559, Time: 04:25:26

Health: -19/60     AC:  3    Str:  5    XL:     13   Next: 13%
Magic:  17/26      EV: 29    Int: 21    God:    Dithmenos [*****.]
Gold:   1449       SH:  0    Dex: 16    Spells: 10/35 levels left
                                        Lives:  0   Deaths: 3

rFire    + . .     SeeInvis +     - Unarmed
rCold    . . .     Faith    .   (shield unavailable)
rNeg     . . .     Spirit   .   (armour unavailable)
rPois    .         Reflect  .   (helmet unavailable)
rElec    .         Harm     .   (cloak unavailable)
rCorr    .         Rampage  .   (gloves unavailable)
Will     +....                  (boots unavailable)
Stlth    ++++++++..             (no amulet)
HPRegen  0.20/turn              b - +4 ring of evasion
MPRegen  0.20/turn              y - ring of fire

@: wreathed by umbra, quick
A: very small, claws 1, fangs 3, see invisible, speed 1, shaggy fur 3, stealthy
paws, no weapons or thrown items, no armour, multi-lived, low mp 1
a: Renounce Religion, Shadow Step, Shadow Form


You were on level 13 of the Dungeon.
You worshipped Dithmenos.
Dithmenos was extremely pleased with you.
You visited 4 branches of the dungeon, and saw 22 of its levels.
You also visited: Bailey.

You collected 2063 gold pieces.
You spent 614 gold pieces at shops.

Inventory:

Jewellery
 a - an amulet of reflection
 b - a +4 ring of evasion (left paw)
 u - a ring of flight
 y - a ring of fire (right paw)
 D - the amulet of Poyceogh {Acrobat +Inv rF- Regen+ Str+6}
   (You acquired it on level 6 of the Lair of Beasts)

   [amulet of the acrobat]

   It increases your evasion while moving and waiting.
   Str:       It affects your strength (+6).
   rF:        It makes you vulnerable to fire.
   +Inv:      It lets you turn invisible.
   Regen:     It increases your rate of health regeneration.
 I - a ring of willpower
 J - the ring "Ylun" {+Blink rN+ Int+6}
   (You acquired it on level 6 of the Lair of Beasts)

   [ring of intelligence]

   Int:       It affects your intelligence (+6).
   rN:        It protects you from negative energy.
   +Blink:    It lets you blink.
Wands
 c - a wand of polymorph (5)
 k - a wand of flame (8)
 w - a wand of mindburst (21)
 A - a wand of iceblast (14)
 F - a wand of charming (6)
Scrolls
 e - 2 scrolls of enchant weapon
 f - a scroll of brand weapon
 h - 6 scrolls of noise
 l - 5 scrolls of teleportation
 m - a scroll of summoning
 o - 5 scrolls of torment
 p - 2 scrolls of fog
 s - 2 scrolls of amnesia
 t - a scroll of silence
 x - a scroll of immolation
 z - 2 scrolls of holy word
 B - 3 scrolls of vulnerability
 C - 2 scrolls of blinking
 E - a scroll of fear {unknown}
Potions
 d - 3 potions of flight
 g - 3 potions of brilliance
 i - 3 potions of might
 j - 4 potions of haste
 n - 3 potions of cancellation
 q - 3 potions of invisibility
 r - 3 potions of lignification
 v - a potion of mutation
 G - a potion of berserk rage
 H - a potion of degeneration {unknown}
 K - a potion of ambrosia {unknown}


   Skills:
 * Level 9.5 Fighting
 * Level 12.8 Dodging
 + Level 11.5 Stealth
 - Level 3.0 Unarmed Combat
 + Level 11.6 Spellcasting
 + Level 0.3 Conjurations
 + Level 7.5 Hexes
 + Level 7.5 Transmutations
 * Level 6.4 Fire Magic
 + Level 6.3 Air Magic
 + Level 10.3 Poison Magic


You had 10 spell levels left.
You knew the following spells:

 Your Spells              Type           Power      Damage    Failure   Level
a - Sting                 Tmut/Pois      100%       1d8       1%          1
b - Poisonous Vapours     Pois/Air       94%        N/A       1%          2
c - Olgreb's Toxic Radia  Pois           54%        N/A       1%          4
d - Mephitic Cloud        Conj/Pois/Air  36%        N/A       1%          3
e - Inner Flame           Hex/Fire       58%        N/A       1%          3
f - Slow                  Hex            43%        N/A       1%          2
g - Shock                 Conj/Air       100%       1d9       1%          1
h - Airstrike             Air            19%        N/A       4%          4
i - Ignite Poison         Fire/Tmut/Pois 62%        N/A       1%          3
j - Ensorcelled Hibernat  Hex/Ice        56%        N/A       1%          2

Your spell library contained the following spells:

 Spells                   Type           Power      Damage    Failure   Level
 Corona                   Hex            47%        N/A       1%          1
 Static Discharge         Conj/Air       26%        N/A       1%          2
 Swiftness                Air            38%        N/A       1%          3
 Tukima's Dance           Hex            43%        N/A       1%          3
 Summon Guardian Golem    Hex/Summ       28%        N/A       3%          3
 Alistair's Intoxication  Tmut/Pois      32%        N/A       3%          5
 Conjure Flame            Conj/Fire      39%        6-21      4%          3
 Summon Small Mammal      Summ           48%        N/A       5%          1
 Yara's Violent Unravell  Hex/Tmut       21%        3d10      7%          5
 Sticky Flame             Conj/Fire      39%        2d6       14%         4
 Call Canine Familiar     Summ           12%        N/A       17%         3
 Eringya's Noxious Bog    Tmut/Pois      24%        N/A       22%         6
 Lightning Bolt           Conj/Air       13%        1d26      36%         5
 Hailstorm                Conj/Ice       12%        3d5       45%         4
 Animate Dead             Necr           6%         N/A       50%         4
 Passage of Golubria      Tloc           N/A        N/A       50%         4
 Borgnjor's Vile Clutch   Necr/Erth      6%         N/A       83%         5
 Death Channel            Necr           6%         N/A       100%        6
 Haunt                    Necr/Summ      6%         N/A       100%        7
 Ozocubu's Refrigeration  Ice            6%         4d6       100%        7
 Infestation              Necr           6%         N/A       100%        8
 Maxwell's Capacitive Co  Air            19%        ∞         100%        8


Dungeon Overview and Level Annotations

Branches:
Dungeon (13/15)            Temple (1/1) D:6            Lair (6/6) D:11
  Swamp (0/4) Lair:3       Spider (0/4) Lair:3        Slime (0/5) Lair:6
    Orc (2/2) D:12            Elf (0/3) Orc:2        Bailey (visited)
 Vaults: D:13-14

Altars:
Ashenzari
Cheibriados
Dithmenos
Elyvilon
Fedhas
Gozag
Hepliaklqana
Kikubaaqudgha
Makhleb
Nemelex Xobeh
Okawaru
Qazlal
Ru
Sif Muna
Trog
Uskayaw
Vehumet
Wu Jian
Xom
Yredelemnul
Zin
The Shining One
Beogh
Jiyva

Shops:
D:5 *   D:6 :   D:12 [   Orc:2 :[*(:

Annotations:
D:3 3 runed translucent doors, potato4science's ghost, amateur OpWz
D:5 Menkaure
D:6 exclusion: phantom
D:7 1 runed translucent door, exclusions: Dowan, Duvessa and door, Crazy Yiuf
Lair:6 2 runed translucent doors


Innate Abilities, Weirdness & Mutations

You have sharp claws.
You have razor-sharp teeth.
You have supernaturally acute eyesight. (SInv)
You cover ground quickly. (Speed+)
Your thick and shaggy fur keeps you warm. (AC +3, rC+)
Your paws help you pounce on unaware monsters.
You are incapable of wielding weapons or throwing items.
You cannot wear armour.
You gain extra lives every three experience levels.
Your magical capacity is low. (-10% MP)


Message History

The centaur warrior is poisoned.
The centaur warrior wields a +2 shortbow of freezing.
It is covered in frost.
The centaur warrior shoots an arrow.
The arrow hits you! The arrow freezes you.
The centaur warrior looks even sicker.
The centaur warrior looks even sicker.
The centaur warrior shoots an arrow.
The arrow completely misses you.
Your toxic aura wanes.
The centaur warrior shoots an arrow.
The arrow hits you! The arrow freezes you!
The centaur warrior shoots an arrow.
The arrow completely misses you.
Casting: Ignite Poison (safe; 1% risk of failure)
Confirm with . or Enter, or press ? or * to list all spells.
Okay, then.
You are too injured to fight recklessly!
The centaur warrior shoots an arrow.
Keep disrobing?
The arrow closely misses you.
The centaur warrior shoots an arrow.
The arrow barely misses you.
You start removing your amulet.
You continue taking off the amulet of Poyceogh {Acrobat +Inv rF- Regen+ Str+6}. x2
The centaur warrior shoots an arrow.
The arrow completely misses you.
The centaur warrior shoots an arrow.
The arrow closely misses you.
You continue taking off the amulet of Poyceogh {Acrobat +Inv rF- Regen+ Str+6}.
The centaur warrior shoots an arrow.
The arrow misses you.
You continue taking off the amulet of Poyceogh {Acrobat +Inv rF- Regen+ Str+6}.
The centaur warrior shoots an arrow.
The arrow hits you! The arrow freezes you.
You finish taking off the amulet of Poyceogh {Acrobat +Inv rF- Regen+ Str+6}.
Unknown command.
You start putting on your amulet.
You continue putting on your amulet of reflection.
The centaur warrior shoots an arrow.
Keep equipping yourself?
The arrow hits you!
* * * LOW HITPOINT WARNING * * *
The arrow freezes you!
* * * LOW HITPOINT WARNING * * *
You continue putting on your amulet of reflection.
The centaur warrior shoots an arrow.
The arrow closely misses you.
The centaur warrior shoots an arrow.
The arrow hits you!!
You die...

#..###### #...# #..# #...# #..#
#...# #..# #...# #..# #...# #..#
#...# #..#
##...####################..#
...........c....@..........######
.............>...................
.................................
..........)......................
......)..........................
.................................
.................................
.................................
.................................


You could see a centaur warrior (poisoned).

Vanquished Creatures
  An orc warlord (Orc:2)
  Nessos (Orc:2)
  Snorg (D:13)
  5 hydras
  An ice dragon (Lair:4)
  3 boulder beetles
  Erolcha (Orc:1)
  Harold (D:7)
  A centaur warrior (D:12)
  3 two-headed ogres
  A death yak (Lair:5)
  3 orc high priests (Orc:2)
  Nergalle (Orc:1)
  A fire crab (Lair:6)
  2 orc knights (Orc:2)
  A deep elf pyromancer (D:12)
  5 orc sorcerers (Orc:2)
  A cyclops (D:13)
  2 ugly things (D:13)
  9 slime creatures (D:12)
  5 elephants (Lair:6)
  6 black mambas
  9 cane toads
  3 molten gargoyles (Lair:6)
  A gargoyle (D:12)
  2 rime drakes
  3 kobold demonologists
  9 komodo dragons
  A torpor snail (Lair:6)
  A freezing wraith (D:10)
  8 trolls
  7 polar bears
  Prince Ribbit (D:7)
  4 blink frogs (Lair:5)
  3 shadows
  2 wyverns
  3 vampires
  A water elemental (D:11)
  52 yaks
  Eustachio (D:5)
  4 basilisks (Lair:6)
  Grum (D:6)
  A warg (Orc:1)
  2 steam dragons
  Edmund (D:4)
  2 acid dragons
  11 water moccasins
  3 hell hounds (Lair:6)
  Duvessa (D:7)
  A black bear (Lair:4)
  41 orc warriors
  3 sky beasts
  A hornet zombie (D:9)
  2 necrophages
  An ice beast (D:6)
  7 ogres
  A black bear (shapeshifter) (D:13)
  19 centaurs
  A phantom (D:6)
  20 wolves
  3 kobold brigands
  11 bullfrogs
  A wyvern zombie (D:9)
  Dowan (D:7)
  5 scorpions
  2 gnoll sergeants (D:6)
  3 wights (D:9)
  9 killer bees
  8 electric eels
  5 howler monkeys
  5 lava snakes (Lair:6)
  5 centaur zombies
  A bullfrog zombie (D:6)
  10 hounds
  2 jellies
  A bullfrog skeleton (D:6)
  2 gnoll shamans (D:6)
  21 orc priests
  A centaur skeleton (D:5)
  3 iguanas
  20 orc wizards
  Natasha (D:3)
  4 hell rats (Lair:4)
  12 gnolls
  6 adders
  A shadow imp (D:4)
  6 white imps
  2 ufetubi
  An adder zombie (D:5)
  A worm (D:2)
  4 dart slugs
  78 orcs
  7 bats
  5 endoplasms
  A giant cockroach (D:4)
  5 hobgoblins
  2 jackals
  4 quokkas
  9 ball pythons
  2 frilled lizards
  12 goblins
  A jackal skeleton (D:4)
  9 kobolds
  7 rats
588 creatures vanquished.

Vanquished Creatures (others)
  A vault guard (D:13)
  A kobold (D:10)
  19 fungi
  61 plants
82 creatures vanquished.

Grand Total: 670 creatures vanquished

Notes
Turn   | Place    | Note
-------+----------+-------------------------------------------
     0 | D:1      | UnfinishedLine the Felid Venom Mage began the quest for the
                  | Orb.
     0 | D:1      | Reached XP level 1. HP: 7/7 MP: 4/4
   150 | D:1      | Found a faded altar of an unknown god.
   288 | D:1      | Reached skill level 3 in Dodging
   288 | D:1      | Reached XP level 2. HP: 11/11 MP: 3/6
   318 | D:1      | Learned a level 2 spell: Poisonous Vapours
  1126 | D:2      | Found an iron altar of Okawaru.
  1200 | D:2      | Reached XP level 3. HP: 14/14 MP: 3/7
  1323 | D:2      | Reached skill level 1 in Unarmed Combat
  1810 | D:2      | Reached XP level 4. HP: 6/18 MP: 0/9
  2705 | D:3      | Found a runed translucent gate.
  2705 | D:3      | Found a runed translucent gate.
  2706 | D:3      | Found a runed translucent gate.
  2708 | D:3      | Noticed potato4science's ghost (amateur OpWz)
  3048 | D:3      | Reached XP level 5. HP: 21/21 MP: 4/10
  3535 | D:3      | Noticed Natasha
  3569 | D:3      | Killed Natasha
  3570 | D:3      | Reached skill level 1 in Fighting
  4076 | D:4      | Reached skill level 1 in Air Magic
  4381 | D:4      | Noticed an ogre
  4401 | D:4      | Killed an ogre
  4402 | D:4      | Gained mutation: You are covered in thick fur. (AC +2)
                  | [Felid growth]
  4402 | D:4      | Reached XP level 6. HP: 25/25 MP: 4/12
  5048 | D:4      | Found a sacrificial altar of Ru.
  5429 | D:5      | Entered Level 5 of the Dungeon
  5429 | D:5      | Found Gerylestrae's Gadget Gallery.
  5668 | D:5      | Reached skill level 4 in Dodging
  5668 | D:5      | Reached XP level 7. HP: 24/28 MP: 14/14
  5890 | D:5      | Noticed Edmund
  6245 | D:4      | Killed Edmund
  6246 | D:4      | Reached skill level 5 in Stealth
  6638 | D:5      | Reached XP level 8. HP: 32/32 MP: 8/16
  6984 | D:5      | Reached skill level 5 in Dodging
  7251 | D:5      | Noticed Eustachio
  7270 | D:5      | Killed Eustachio
  7271 | D:5      | Reached skill level 5 in Spellcasting
  7382 | D:5      | Found an ancient bone altar of Kikubaaqudgha.
  7395 | D:5      | Found a hide-covered altar of Uskayaw.
  7395 | D:5      | Found a shimmering altar of Xom.
  7397 | D:5      | Found a broken altar of Ashenzari.
  7397 | D:5      | Found a white marble altar of Elyvilon.
  7397 | D:5      | Found a shimmering altar of Xom.
  7624 | D:5      | Noticed Menkaure
  7720 | D:6      | Found a staircase to the Ecumenical Temple.
  7768 | D:7      | Noticed Prince Ribbit
  8037 | D:6      | Noticed Grum
  8743 | D:6      | Reached skill level 6 in Dodging
  8848 | D:6      | Reached skill level 5 in Poison Magic
  8956 | D:6      | Reached XP level 9. HP: 37/37 MP: 10/18
  9051 | D:7      | Noticed Duvessa
  9051 | D:7      | Noticed Dowan
 10358 | D:7      | Found a runed translucent door.
 10359 | D:7      | Noticed Crazy Yiuf
 10435 | D:7      | Killed Prince Ribbit
 10515 | D:7      | Noticed Harold
 10917 | D:7      | Killed Duvessa
 10933 | D:7      | Killed Dowan
 11416 | Temple   | Entered the Ecumenical Temple
 11802 | D:7      | Learned a level 4 spell: Olgreb's Toxic Radiance
 11996 | D:6      | Reached skill level 7 in Dodging
 12148 | D:6      | Got the Tome of Bewitching Cold
 12218 | D:6      | Found a snail-covered altar of Cheibriados.
 12301 | D:6      | Killed Grum
 12580 | D:6      | Found Plog's Book Emporium.
 12657 | D:7      | Reached skill level 1 in Hexes
 12776 | D:7      | Learned a level 3 spell: Mephitic Cloud
 12851 | D:7      | Killed Harold
 12852 | D:7      | Reached skill level 1 in Fire Magic
 12852 | D:7      | Reached XP level 10. HP: 22/43 MP: 16/20
 12853 | D:7      | Noticed a seven-headed hydra
 13094 | D:7      | Learned a level 3 spell: Inner Flame
 13097 | D:7      | Learned a level 2 spell: Slow
 13947 | D:8      | Identified the +6 scale mail of Plog {rElec rF+++ rC++}
 14013 | D:8      | Learned a level 1 spell: Shock
 14039 | D:8      | Found a sparkling altar of Nemelex Xobeh.
 14441 | D:8      | Noticed a two-headed ogre
 14466 | D:8      | Reached skill level 8 in Dodging
 14490 | D:8      | Killed a two-headed ogre
 14491 | D:8      | Reached skill level 5 in Transmutations
 15024 | D:9      | Noticed a sun demon
 15031 | D:9      | Gained mutation: Your magical capacity is low. (-10% MP) [a
                  | neqoxec]
 15239 | D:9      | Reached skill level 5 in Fighting
 15845 | D:9      | Noticed a two-headed ogre
 15885 | D:9      | Killed a two-headed ogre
 15966 | D:9      | Reached XP level 11. HP: 46/47 MP: 11/20
 16142 | D:9      | Found a glowing silver altar of Zin.
 16914 | D:10     | Entered Level 10 of the Dungeon
 17137 | D:10     | Found an iron altar of Okawaru.
 17235 | D:10     | Found a shadowy altar of Dithmenos.
 17243 | D:10     | Became a worshipper of Dithmenos the Shadowed
 17523 | D:10     | Found a flagged portal.
 17534 | Bailey   | Entered a bailey
 17870 | Bailey   | Reached skill level 10 in Stealth
 18031 | Bailey   | Reached skill level 5 in Hexes
 18314 | Bailey   | Reached * piety under Dithmenos
 18394 | Bailey   | Reached skill level 9 in Dodging
 19455 | D:10     | Killed a seven-headed hydra
 20298 | D:11     | Noticed a boulder beetle
 20319 | D:11     | Killed a boulder beetle
 20666 | D:11     | Found a staircase to the Lair.
 20674 | D:11     | Noticed a seven-headed hydra
 20707 | D:11     | Killed a seven-headed hydra
 21536 | D:11     | Learned a level 4 spell: Airstrike
 21545 | D:11     | Found a snail-covered altar of Cheibriados.
 23126 | Lair:1   | Entered Level 1 of the Lair of Beasts
 23328 | D:12     | Noticed a centaur warrior
 23328 | D:12     | Reached ** piety under Dithmenos
 23859 | D:12     | Gained mutation: Your thick and shaggy fur keeps you warm.
                  | (AC +3, rC+) [Felid growth]
 23859 | D:12     | Reached XP level 12. HP: 52/52 MP: 1/23
 23868 | D:12     | Reached skill level 10 in Dodging
 24610 | D:12     | Noticed a boulder beetle
 24627 | D:12     | Killed a boulder beetle
 24762 | D:12     | Found a staircase to the Orcish Mines.
 24766 | D:12     | Noticed a seven-headed hydra
 24771 | D:12     | Killed a centaur warrior
 24786 | D:12     | Killed a seven-headed hydra
 24987 | D:12     | Found Giarich's Antique Armour Emporium.
 26232 | Orc:1    | Entered Level 1 of the Orcish Mines
 26552 | Orc:1    | Noticed Erolcha
 26566 | Orc:1    | Killed Erolcha
 27078 | Orc:1    | Noticed Nergalle
 27094 | Orc:1    | Killed Nergalle
 27425 | Orc:2    | Entered Level 2 of the Orcish Mines
 28064 | Orc:2    | Noticed Nessos
 28073 | Orc:2    | Shot with an arrow by Nessos
 28074 | Orc:2    | Reached XP level 11. HP: -7/50 MP: 15/23
 28086 | Orc:2    | Killed Nessos
 28087 | Orc:2    | Reached skill level 11 in Dodging
 28162 | Orc:2    | Reached *** piety under Dithmenos
 28183 | Orc:2    | Found a staircase to the Elven Halls.
 28226 | Orc:2    | Noticed a two-headed ogre
 28245 | Orc:2    | Killed a two-headed ogre
 28246 | Orc:2    | Reached XP level 12. HP: 54/54 MP: 14/24
 28264 | Orc:2    | Found Duog's Book Shop.
 28276 | Orc:2    | Bought an Everburning Encyclopedia for 416 gold pieces
 28280 | Orc:2    | Learned a level 3 spell: Ignite Poison
 28627 | Orc:2    | Noticed an orc high priest
 28728 | Orc:2    | Noticed an orc warlord
 28774 | Orc:2    | Killed an orc warlord
 28775 | Orc:2    | Reached skill level 10 in Spellcasting
 28775 | Orc:2    | Reached skill level 5 in Air Magic
 28994 | Orc:2    | Paralysed by an orc sorcerer for 3 turns
 29152 | Orc:2    | Noticed an orc high priest
 29160 | Orc:2    | Killed an orc high priest
 29726 | Orc:2    | Reached **** piety under Dithmenos
 29839 | Orc:2    | Killed an orc high priest
 30090 | Orc:2    | Noticed an orc high priest
 30104 | Orc:2    | Killed an orc high priest
 30243 | Orc:2    | Found Xatotaka's General Store.
 30244 | Orc:2    | Found Gacez's Book Shoppe.
 30250 | Orc:2    | Found Lyihak's Antique Armour Emporium.
 30250 | Orc:2    | Found Mirchumay's Antique Weapon Emporium.
 30390 | Orc:2    | Bought a book of Maledictions for 198 gold pieces
 30393 | Orc:2    | Learned a level 2 spell: Ensorcelled Hibernation
 31161 | Lair:1   | Reached skill level 5 in Fire Magic
 31348 | Lair:1   | Reached XP level 13. HP: 58/58 MP: 21/25
 31638 | Lair:1   | Identified the +3 scale mail of Hiplel {rElec rF+}
 32325 | Lair:2   | Identified the +0 cloak of Relativism {Str+3}
 32516 | Lair:2   | Reached ***** piety under Dithmenos
 33314 | Lair:3   | Found a staircase to the Swamp.
 33458 | Lair:3   | Reached skill level 12 in Dodging
 33466 | Lair:3   | Found a hole to the Spider Nest.
 34862 | Lair:4   | HP: 1/59 [ice dragon/blast of cold (17)]
 34865 | Lair:4   | Killed from afar by an ice dragon
 34866 | Lair:4   | Reached XP level 12. HP: -20/56 MP: 18/25
 34867 | Lair:4   | Killed an ice dragon
 35279 | Lair:4   | Killed a seven-headed hydra
 35835 | Lair:5   | Noticed a boulder beetle
 35839 | Lair:5   | Killed a boulder beetle
 36211 | Lair:5   | Noticed a death yak
 36222 | Lair:5   | HP: 2/56 [poisoned by a black mamba]
 36223 | Lair:5   | Succumbed to a black mamba's poison
 36224 | Lair:5   | Reached XP level 11. HP: 0/52 MP: 9/24
 36247 | Lair:5   | Killed a death yak
 36248 | Lair:5   | Reached skill level 10 in Poison Magic
 36301 | Lair:5   | Reached XP level 12. HP: 56/56 MP: 6/25
 37113 | Lair:6   | Entered Level 6 of the Lair of Beasts
 37222 | Lair:6   | Found a staircase to the Slime Pits.
 37222 | Lair:6   | Found a viscous altar of Jiyva.
 37324 | Lair:6   | Identified 2 scrolls of acquirement
 37334 | Lair:6   | Acquired the ring "Ylun" {+Blink rN+ Int+6}
 37336 | Lair:6   | Acquired the amulet of Poyceogh {Acrobat +Inv rF- Regen+
                  | Str+6}
 38669 | Lair:6   | Noticed a five-headed hydra
 38682 | Lair:6   | Killed a five-headed hydra
 39522 | Lair:6   | Found a large runed translucent door.
 39522 | Lair:6   | Noticed a fire dragon
 39627 | Lair:6   | Reached XP level 13. HP: 60/60 MP: 8/26
 39888 | Lair:6   | Found a large runed translucent door.
 40402 | D:13     | Noticed Snorg
 40408 | D:13     | Killed Snorg
 40559 | D:13     | Shot with an arrow by a centaur warrior

Illustrated notes

Levels and vault maps discovered:
D:1:      evilmike_arrival_rings, layout_loops_cross,
          dreamdust_ecumenical_altar_grove
D:2:      layout_basic, basic_altar
D:3:      layout_loops_corners, gammafunk_ghost_necromancy, uniq_natasha
D:4:      layout_gridville, amcnicky_altar_gilded
D:5:      layout_gridville, doesnt_xom_only_xom, nicolae_shop_gadgets,
          uniq_eustachio, uniq_menkaure, uniq_edmund
D:6:      layout_cave_pools, kennysheep_mini_moat,
          minmay_temple_entry_from_below_a, serial_gnoll_camp, grums_kennel,
          gnoll_camp_huts_basic, gnoll_camp_mini_shop, gnoll_camp_mini_hut
D:7:      minmay_cornered_nines, layout_rooms, serial_bayou_lagoon_b,
          uniq_crazy_yiuf_cottage, uniq_prince_ribbit1, uniq_harold,
          uniq_duvessa
D:8:      layout_loops_ring, nemelex_diamond_rough_becter
D:9:      layout_small_grid, nicolae_overflow_crystal_walls
D:10:     layout_long_grid, grunt_dithmenos_smoke, kennysheep_okawaru_gauntlet,
          enter_bailey_3, lemuel_flamethrower_2
D:11:     layout_basic, lair_entry_dummy, kennysheep_slug_shrine
D:12:     layout_small_grid, orc_0_dummy, serial_shops, nicolae_shop_stone,
          minmay_between
D:13:     layout_long_grid, ximxim_vaults_locker_room, uniq_snorg, uniq_azrael
Temple:   regret_index_temple_generic_petals
Lair:1:   wander_river, layout_gridlike
Lair:2:   layout_roguey, grunt_megastairs_2
Lair:3:   layout_hall_layers, swamp_mist, dummy_spider_entry
Lair:4:   layout_loops_ring, bobbens_ice_dragon_lair
Lair:5:   layout_cave_shapes, serial_bayou_pond_a, beast_lair_carwin_2,
          infiniplex_staircase_pool_2
Lair:6:   cheibrodos_lair_end_hotspot, layout_cave_shapes, slime_altar_1,
          minmay_lair_oklob_items
Orc:1:    layout_caves, uniq_nergalle, uniq_erolcha
Orc:2:    st_orc_congregation, layout_diamond_mine, serial_shops,
          nicolae_square_shop, basic_altar, uniq_nessos

Skill      XL: |  1  2  3  4  5  6  7  8  9 10 11 12 13 |
---------------+----------------------------------------+-----
Dodging        | 3 4 6 7 8 11 10 12 | 12.8
Stealth        | 3 4 5 6 8 9 10 11 | 11.5
Poison Magic   | 3 4 5 6 7 10 9 | 10.3
Unarmed Combat | 1 2 3 |  3.0
Spellcasting   | 3 4 5 6 7 8 11 | 11.6
Fighting       | 1 2 4 5 6 9 |  9.5
Air Magic      | 1 2 3 6 |  6.3
Transmutations | 2 3 4 5 7 |  7.5
Hexes          | 2 4 6 7 |  7.5
Fire Magic     | 1 3 4 6 |  6.4
Conjurations   | |  0.3

Action                   |  1- 3 |  4- 6 |  7- 9 | 10-12 | 13-15 || total
-------------------------+-------+-------+-------+-------+-------++-------
Melee: Unarmed           |    24 |    53 |   242 |   312 |    49 ||   680
       Bite              |     2 |     5 |    22 |    21 |     2 ||    52
       Punch             |       |       |     2 |     1 |       ||     3
 Cast: Sting             |    50 |    71 |   117 |   302 |    31 ||   571
       Poisonous Vapours |    22 |    26 |    69 |   251 |    32 ||   400
       Mephitic Cloud    |       |       |     5 |     1 |       ||     6
       Olgreb's Toxic Ra |       |       |     3 |    98 |     9 ||   110
       Inner Flame       |       |       |       |    90 |     6 ||    96
       Shock             |       |       |       |    31 |       ||    31
       Slow              |       |       |       |    14 |       ||    14
       Airstrike         |       |       |       |    44 |     4 ||    48
       Ignite Poison     |       |       |       |    62 |    23 ||    85
Evoke: Wand              |       |       |     3 |       |       ||     3
  Use: Scroll            |     2 |     3 |     3 |    16 |     4 ||    28
       Potion            |       |       |     4 |     4 |     2 ||    10
 Stab: Sleeping          |       |     1 |     5 |     2 |     1 ||     9
       Distracted        |       |       |       |     1 |       ||     1
Armor: Skin              |       |     3 |    17 |    17 |     1 ||    38
Dodge: Dodged            |    23 |    62 |   249 |   521 |    71 ||   926
Block: Other             |     5 |    12 |    47 |    97 |     8 ||   169
       Reflection        |     1 |       |     2 |    10 |       ||    13
